 Dungeon Crawl Stone Soup version 0.31-a0-246-g8cbcc1cb85 (webtiles) character file.

Game seed: 13044777859515260962

55 qw the Shooter (level 3, -4/29 HPs)
             Began as a Minotaur Hexslinger on July 12, 2023.
             Slain by Natasha (5 damage)
             ... on level 2 of the Dungeon.
             The game lasted 00:00:20 (733 turns).

qw the Shooter (Minotaur Hexslinger)                 Turns: 733, Time: 00:00:21

Health: -4/29      AC:  3    Str: 12    XL:     3   Next: 67%
Magic:  3/3        EV: 12    Int: 10    God:
Gold:   69         SH:  0    Dex: 14    Spells: 3/4 levels left

rFire   . . .        Y - +1 sling
rCold   . . .        (no shield)
rNeg    . . .        f - +0 leather armour
rPois   .            (helmet restricted)
rElec   .            (no cloak)
rCorr   .            (no gloves)
SInv    .            (no boots)
Will    .....        (no amulet)
Stlth   +            (no ring)
HPRegen 0.24/turn    (no ring)
MPRegen 0.08/turn

%: no passive effects
@: no status effects
A: horns 2, retaliatory headbutt
a: no special abilities


You were on level 2 of the Dungeon.
You visited 1 branch of the dungeon, and saw 2 of its levels.

You collected 69 gold pieces.


Innate Abilities, Weirdness & Mutations

You have a pair of horns on your head.
You reflexively headbutt those who attack you in melee.


   Skills:
 - Level 2.0 Fighting
 + Level 4.2 Ranged Weapons
 - Level 2.1 Dodging
 - Level 1.0 Spellcasting
 - Level 2.0 Hexes


You had 3 spell levels left.
You knew the following spells:

 Your Spells              Type           Power      Damage    Failure   Level
a - Slow                  Hex            16%        N/A       19%         1

Your spell library contained the following spells:

 Spells                   Type           Power      Damage    Failure   Level
 Inner Flame              Hex/Fire       2%         N/A       65%         3
 Portal Projectile        Hex/Tloc       4%         N/A       65%         3
 Cause Fear               Hex            2%         N/A       88%         4

Inventory:

Hand Weapons
 Y - a +1 sling (weapon)
Armour
 f - a +0 leather armour (worn)
Potions
 g - a potion of enlightenment {unknown}
 h - a potion of cancellation {unknown}

Dungeon Overview and Level Annotations

Branches:
Dungeon (2/15)

Altars:

Annotations:
D:2 Natasha


Message History

You shoot a sling bullet.
Natasha hisses angrily.
The sling bullet hits Natasha.
Natasha is moderately wounded.
Natasha claws you.
You shoot a sling bullet.
The sling bullet closely misses Natasha.
Natasha closely misses you.
Natasha casts a spell.
You shoot a sling bullet.
The sling bullet closely misses Natasha.
Natasha barely misses you.
The cerulean imp hits you from afar with a +2 spear.
You shoot a sling bullet. The sling bullet barely misses Natasha.
Natasha mumbles some strange words.
The cerulean imp closely misses you.
You shoot a sling bullet. The sling bullet hits Natasha.
Natasha is heavily wounded.
Natasha barely misses you. You furiously retaliate!
You headbutt Natasha.
The cerulean imp hits you from afar with a +2 spear.
The cerulean imp hits you with a +1 spear.
You shoot a sling bullet. The sling bullet hits Natasha.
Natasha is almost dead.
Natasha hisses.
Natasha claws you.
The cerulean imp hits you from afar with a +2 spear.
The cerulean imp barely misses you.
Natasha stares at you and mumbles some strange words.
The magic dart hits you. The cerulean imp barely misses you.
You shoot a sling bullet.
The sling bullet hits Natasha but does no damage.
Natasha is almost dead.
The cerulean imp barely misses you. You furiously retaliate!
You headbutt the cerulean imp, but do no damage.
Natasha barely misses you.
The cerulean imp hits you from afar with a +2 spear.
You shoot a sling bullet.
The sling bullet closely misses Natasha.
The cerulean imp closely misses you. Natasha claws you.
You die...

####....<%...#
#.###.###.#
#.# #.# #.#
#.# #.# #.#
#.# #<###%#
#.# #.....#
#.# ####..#
#.# #..# #@#
#..# #5h5.#
#..# #.##.#
#..# #.#
...... #.#
##### #.# #..
#..


You could see Natasha and 2 cerulean imps.

Vanquished Creatures
  Natasha (D:2)
  A worm (D:2)
  4 ball pythons (D:1)
  3 bats (D:1)
  An endoplasm (D:1)
  2 giant cockroaches (D:1)
  4 goblins (D:1)
  2 hobgoblins (D:1)
  3 kobolds (D:1)
  2 frilled lizards (D:1)
  A rat (D:1)
24 creatures vanquished.

Notes
Turn   | Place    | Note
-------+----------+-------------------------------------------
     0 | D:1      | qw the Minotaur Hexslinger began the quest for the Orb.
     0 | D:1      | Reached XP level 1. HP: 16/16 MP: 1/1
     0 | D:1      | 0 ||| qw: Version: 0.3-a-52-g30416fa
     0 | D:1      | 0 ||| qw: Game counter: 6491
     0 | D:1      | 0 ||| qw: Melee chars always use a shield: true
     0 | D:1      | 0 ||| qw: God list: Okawaru
     0 | D:1      | 0 ||| qw: Allow faded altars: false
     0 | D:1      | 0 ||| qw: Do Orc after clearing Dungeon:15 true
     0 | D:1      | 0 ||| qw: Do second Lair branch before Depths: true
     0 | D:1      | 0 ||| qw: Lair rune preference: random
     0 | D:1      | 0 ||| qw: Goals: Normal
     0 | D:1      | 0 ||| PLANNING D:1-11
    63 | D:1      | Reached skill level 3 in Ranged Weapons
    63 | D:1      | Reached XP level 2. HP: 23/23 MP: 2/2
   193 | D:1      | Found a faded altar of an unknown god.
   501 | D:1      | 501 ||| UPGRADING to +0 leather armour.
   511 | D:1      | 511 ||| DROPPING +0 robe.
   512 | D:1      | 512 ||| READING 2 scrolls labelled LUAFAGUCHE.
   513 | D:1      | 513 ||| READING scroll labelled YGRARA ZAFU.
   514 | D:1      | 514 ||| DROPPING scroll of butterflies.
   515 | D:1      | 515 ||| DROPPING scroll of poison.
   545 | D:2      | HP: 3/24 [worm (4)]
   547 | D:2      | Reached XP level 3. HP: 5/29 MP: 3/3
   655 | D:2      | Noticed Natasha
   658 | D:2      | 658 ||| Stepping ~*~*~tactically~*~*~ (outnumbered).
   662 | D:2      | Killed Natasha
   663 | D:2      | Reached skill level 4 in Ranged Weapons
   725 | D:2      | Noticed Natasha
   731 | D:2      | HP: 6/29 [Natasha/magic dart (6)]
   732 | D:2      | HP: 1/29 [cerulean imp/+2 spear[Natasha] (5)]
   733 | D:2      | Slain by Natasha

Levels and vault maps discovered:
D:1:      minmay_arrival_shattered_statue, layout_basic,
          hellmonk_ecumenical_altar_pennies_from_heaven
D:2:      layout_loops_ring, basic_altar, minmay_3d_cube, uniq_natasha

Skill      XL: |  1  2  3 |
---------------+----------+-----
Ranged Weapons | 3 4 |  4.2
Fighting       | 2 |  2.0
Dodging        | |  2.1
Spellcasting   | |  1.0
Hexes          | |  2.0

Action                     || total
---------------------------++-------
   Fire: Sling             ||    83
    Use: Scroll            ||     2
 Armour: Robe              ||     3
  Dodge: Dodged            ||    18

Table legend:
 A = Non-vault XP
 B = Vault XP
 C = Vault XP percentage of total XP
 D = Non-vault monster count
 E = Vault monster count
 F = Vault count percentage of total count
                 A         B        C        D         E       F
            +---------+---------+-------+---------+---------+-------
      Total |      43 |      36 |  45.6 |      23 |       1 |   4.2
            +---------+---------+-------+---------+---------+-------
        D:1 |      38 |       0 |   0.0 |      22 |       0 |   0.0
        D:2 |       5 |      36 |  87.8 |       1 |       1 |  50.0
            +---------+---------+-------+---------+---------+-------
